 Dungeon Crawl Stone Soup version 0.31.0-10-gcf4a605ca0 (webtiles) character file.

Game seed: 2760103937201089292

71 Armakuni the Shooter (level 4, -2/25 HPs)
             Began as a Deep Elf Gladiator on Jan 26, 2024.
             Slain by Crazy Yiuf
             ... wielding a +3 quarterstaff of chaos
              (10 damage)
             ... on level 2 of the Dungeon.
             The game lasted 00:05:03 (1513 turns).

Armakuni the Shooter (Deep Elf Gladiator)           Turns: 1513, Time: 00:05:04

Health: -2/25      AC:  2    Str: 19    XL:     4   Next: 5%
Magic:  6/6        EV: 14    Int: 13    God:
Gold:   108        SH:  0    Dex: 19    Spells: 3/3 levels left

rFire   + . .        a - +5 scythe "Finisher" {speed, execute}
rCold   . . .        (shield currently unavailable)
rNeg    . . .        d - +3 robe "Boma" {rPois rF+ Dex+3}
rPois   +            c - +0 helmet
rElec   .            (no cloak)
rCorr   .            (no gloves)
SInv    .            (no boots)
Will    .....        (no amulet)
Stlth   ++           V - +6 ring of strength
HPRegen 0.24/turn    (no ring)
MPRegen 0.10/turn

%: no passive effects
@: corroded
A: no striking features
a: no special abilities


You were on level 2 of the Dungeon.
You visited 1 branch of the dungeon, and saw 3 of its levels.

You collected 108 gold pieces.

Inventory:

Hand Weapons
 a - the +5 scythe "Finisher" (weapon) {speed, execute}
   (You found it on level 2 of the Dungeon)
 b - a +0 sling
 g - a +0 quarterstaff
Missiles
 e - a javelin
Armour
 c - a +0 helmet (worn)
 d - the +3 robe "Boma" (worn) {rPois rF+ Dex+3}
   (You found it on level 2 of the Dungeon)

   Dex+3:     It affects your dexterity (+3).
   rF+:       It protects you from fire.
   rPois:     It protects you from poison
Jewellery
 V - a +6 ring of strength (left hand)
Scrolls
 f - 2 scrolls of amnesia {unknown}
 j - a scroll of immolation
Potions
 h - a potion of heal wounds {unknown}
 i - 2 potions of brilliance


   Skills:
 - Level 1.5 Fighting
 + Level 1.0(1.7) Polearms
 - Level 3.0(3.1) Staves
 - Level 4.4 Ranged Weapons
 - Level 2.0 Throwing
 - Level 3.6 Dodging


You had 3 spell levels left.
You didn't know any spells.
Your spell library was empty.

Dungeon Overview and Level Annotations

Branches:
Dungeon (3/15)

Altars:
Ashenzari

Annotations:
D:2 Crazy Yiuf


Message History

Your Polearms skill increases to level 1!
No target in view!
No target in view!
Things that are here:
a +0 dagger; a goblin corpse You now have 101 gold pieces (gained 4).
You now have 108 gold pieces (gained 7).
You open the door.
There is an open door here.
There is a stone staircase leading down here.
There is a stone staircase leading down here.
There is an open door here.
You see here a +0 spear.
Found a hammer.
Found a runed translucent door.
Crazy Yiuf shouts!
Crazy Yiuf yells, "Gum action senile!"
You open the door. You barely miss Crazy Yiuf.
Crazy Yiuf yells, "Lugonu arm return to song!"
Crazy Yiuf barely misses you.
You slash Crazy Yiuf!
Crazy Yiuf is heavily wounded.
Crazy Yiuf misses you.
Crazy Yiuf grits, "Earwax seventy disdain!"
Crazy Yiuf barely misses you.
You barely miss Crazy Yiuf.
Crazy Yiuf is heavily wounded.
Crazy Yiuf hits you with a +3 quarterstaff of chaos!
Crazy Yiuf draws strength from your wounds!
You closely miss Crazy Yiuf.
Crazy Yiuf is heavily wounded.
Crazy Yiuf whimpers, "Aardvark cower canine!"
Crazy Yiuf hits you with a +3 quarterstaff of chaos!
* * * LOW HITPOINT WARNING * * *
The acid corrodes you!
You slash Crazy Yiuf!
Crazy Yiuf is almost dead.
Crazy Yiuf says, "Earwax aubergine action!"
Crazy Yiuf hits you with a +3 quarterstaff of chaos!
You die...

#...............# #...
#...........##.## #...
#...........##.# #...
##############.# #...
#.#######
#######.##..... ###
###.#.....##.####
#...##..#......##.####
#...g@####......#.....
#)..### ##...........
### ####.....%..
#....#### #....# #
##########.)..# #
#.............# #
#............## #
#............# #


You could see Crazy Yiuf.

Vanquished Creatures
  2 gnolls (D:2)
  An adder (D:2)
  3 dart slugs (D:1)
  2 ribbon worms
  A bat (D:2)
  4 endoplasms
  4 goblins
  4 hobgoblins
  2 ball pythons
  4 frilled lizards
  5 kobolds
  2 rats
34 creatures vanquished.

Notes
Turn   | Place    | Note
-------+----------+-------------------------------------------
     0 | D:1      | Armakuni the Deep Elf Gladiator began the quest for the
                  | Orb.
     0 | D:1      | Reached XP level 1. HP: 12/12 MP: 3/3
   172 | D:1      | Reached skill level 1 in Ranged Weapons
   210 | D:1      | Reached skill level 2 in Ranged Weapons
   210 | D:1      | Reached XP level 2. HP: 11/16 MP: 4/4
   322 | D:1      | Reached skill level 3 in Ranged Weapons
   906 | D:2      | Reached XP level 3. HP: 15/20 MP: 5/5
   988 | D:2      | Reached skill level 4 in Ranged Weapons
  1093 | D:3      | Found a faded altar of an unknown god.
  1126 | D:2      | Identified the +3 robe "Boma" {rPois rF+ Dex+3}
  1179 | D:2      | Found the +5 scythe "Finisher" {speed, execute}
  1340 | D:2      | Reached XP level 4. HP: 25/25 MP: 6/6
  1385 | D:2      | Found a broken altar of Ashenzari.
  1393 | D:2      | Reached skill level 1 in Polearms
  1504 | D:2      | Found a runed translucent door.
  1505 | D:2      | Noticed Crazy Yiuf
  1513 | D:2      | Slain by Crazy Yiuf

Illustrated notes

Levels and vault maps discovered:
D:1:      nicolae_arrival_somewhat_less_tricky_arrival, layout_basic
D:2:      layout_basic, basic_altar, minmay_misc_feat_columns,
          uniq_crazy_yiuf_cottage
D:3:      minmay_skewed_foursquare, layout_basic, nicolae_ecumenical_pavilion

Skill      XL: |  1  2  3  4 |
---------------+-------------+-----
Ranged Weapons | 2 3 4 |  4.4
Polearms       | 1 |  1.0
Fighting       | |  1.5
Staves         | |  3.0
Throwing       | |  2.0
Dodging        | |  3.6

Action                     |  1- 3 |  4- 6 || total
---------------------------+-------+-------++-------
  Melee: Quarterstaff      |    27 |       ||    27
         Scythe            |     9 |     8 ||    17
   Fire: Sling             |    61 |       ||    61
  Throw: Throwing net      |     6 |       ||     6
    Use: Scroll            |     3 |       ||     3
   Stab: Distracted        |     1 |       ||     1
         Sleeping          |       |     1 ||     1
 Armour: Leather armour    |    28 |       ||    28
         Robe              |     1 |     3 ||     4
  Dodge: Dodged            |    45 |     3 ||    48
